[Event "ICC Open 2015"]
[Site "Internet Chess Club"]
[Date "2015.05.29"]
[Round "3"]
[White "RaiseTheCurve"]
[Black "josper05"]
[Result "1-0"]
[ICCResult "Black resigns"]
[WhiteElo "1958"]
[BlackElo "1350"]
[Opening "Van't Kruijs opening"]
[ECO "A00"]
[Time "19:35:55"]
[TimeControl "180+0"]

1. e3 c5 2. b3 Nc6 3. Bb2 d5 4. Bb5 Nf6 5. f4 a6 6. Bxc6+ bxc6 7. Nf3 Bg4 8.
O-O e6 9. d3 Be7 10. Nbd2 O-O 11. Qe1 d4 12. h3 Bxf3 13. Nxf3 dxe3 14. Qxe3
Nd5 15. Qd2 Bf6 16. Ne5 Qc7 17. Rae1 a5 18. a4 Nb4 19. g4 Rfd8 20. g5 Be7
21. f5 Bd6 22. f6 g6 23. Ng4 Nd5 24. Be5 Bxe5 25. Nxe5 Rab8 26. Re4 Rb4 27.
Rfe1 Rxe4 28. Rxe4 Qb6 29. Qf2 Qb4 30. Rxb4 cxb4 31. Qa7 {Black resigns} 1-0

[Event "ICC Open 2015"]
[Site "Internet Chess Club"]
[Date "2015.05.29"]
[Round "3"]
[White "burbur"]
[Black "seriosha"]
[Result "1/2-1/2"]
[ICCResult "Game drawn by mutual agreement"]
[WhiteElo "2559"]
[BlackElo "2122"]
[Opening "Nimzovich-Larsen attack: modern variation"]
[ECO "A01"]
[NIC "VO.08"]
[Time "19:34:55"]
[TimeControl "180+0"]

1. b3 e5 2. Bb2 Nc6 3. c4 Nf6 4. Nc3 d5 5. cxd5 Nxd5 6. Nxd5 Qxd5 7. e3 Be7
8. Nf3 O-O 9. Be2 Bf5 10. O-O Rad8 11. d4 exd4 12. Nxd4 Nxd4 13. Qxd4 Qxd4
14. Bxd4 c5 15. Bc3 b6 16. Rfd1 Bc2 17. Rxd8 Rxd8 18. Rc1 Be4 19. f3 Bd3 20.
Kf2 Bxe2 21. Kxe2 f6 22. e4 Kf7 23. f4 g6 24. g4 Bd6 25. f5 Bf4 26. Rf1 g5
27. h4 h6 28. hxg5 hxg5 29. Rh1 Kg7 30. Rh3 b5 31. Rd3 Rxd3 32. Kxd3 Kf7 33.
a4 a6 34. Ba5 Bd6 35. Bb6 Ke7 36. Ba5 Kd7 37. Be1 Kc6 38. Bc3 Be7 39. e5
fxe5 40. Bxe5 Kd5 41. axb5 axb5 42. Bg7 c4+ 43. bxc4+ bxc4+ 44. Ke3 Bc5+ 45.
Ke2 c3 46. Bxc3 Ke4 47. Bd2 Be7 48. Kf2 Bf6 49. Kg3 Be5+ 50. Kh3 Bf6 51. Bc1
Kf3 52. Ba3 Kf4 53. Bd6+ Kf3 54. Bg3 Bd4 55. Bh4 Bf6 56. Be1 Be5 57. Bb4 Bf6
58. Bd2 Kf2 59. Bb4 Kf3 {Game drawn by mutual agreement} 1/2-1/2

[Event "ICC Open 2015"]
[Site "Internet Chess Club"]
[Date "2015.05.29"]
[Round "3"]
[White "wolfandcheapgin"]
[Black "Ira57"]
[Result "0-1"]
[ICCResult "White forfeits on time"]
[WhiteElo "1375"]
[BlackElo "1925"]
[Opening "French defense"]
[ECO "C00"]
[NIC "FR.01"]
[Time "19:34:48"]
[TimeControl "180+0"]

1. e4 e6 2. Nf3 d5 3. exd5 exd5 4. d4 Bd6 5. Be2 Ne7 6. O-O O-O 7. Nc3 c6 8.
Na4 Bg4 9. Nc5 Qc7 10. Ne5 Bxe2 11. Qxe2 b6 12. Ncd3 Nd7 13. Nxd7 Qxd7 14.
h3 Rfe8 15. Qg4 Qc7 16. Bh6 Ng6 17. Be3 Re4 18. Qf3 Rae8 19. b3 h6 20. Rac1
Qe7 21. c4 Qd7 22. c5 Bb8 23. cxb6 axb6 24. Rc2 Qd6 25. Qg3 Qf6 26. Qf3 Qe6
27. Rfc1 Ne7 {White forfeits on time} 0-1

[Event "ICC Open 2015"]
[Site "Internet Chess Club"]
[Date "2015.05.29"]
[Round "3"]
[White "Nos"]
[Black "Hareaum"]
[Result "1-0"]
[ICCResult "Black forfeits on time"]
[WhiteElo "2340"]
[BlackElo "1738"]
[Opening "English: Torre defensive system"]
[ECO "A12"]
[NIC "RE.04"]
[Time "19:35:14"]
[TimeControl "180+0"]

1. Nf3 d5 2. c4 c6 3. b3 Nf6 4. g3 Bg4 5. Bg2 Bxf3 6. Bxf3 e6 7. Bb2 Nbd7 8.
O-O Qb6 9. d3 d4 10. Na3 e5 11. Nc2 c5 12. e3 Bd6 13. exd4 cxd4 14. Qe1 O-O
15. b4 Rab8 16. Rb1 Qc7 17. Qd2 Rfe8 18. Rfe1 Bf8 19. Na3 a6 20. c5 b6 21.
cxb6 Nxb6 22. Rec1 Qd6 23. b5 Na4 24. Nc4 Qb4 25. Qxb4 Bxb4 26. bxa6 Nxb2
27. a7 Rbc8 28. Nxb2 Rxc1+ 29. Rxc1 e4 30. dxe4 Ba3 31. Rb1 Nd7 32. e5 Nb6
33. Nc4 Nxc4 34. Rb8 {Black forfeits on time} 1-0

[Event "ICC Open 2015"]
[Site "Internet Chess Club"]
[Date "2015.05.29"]
[Round "3"]
[White "airantrobo"]
[Black "StarShip32"]
[Result "1-0"]
[ICCResult "Black checkmated"]
[WhiteElo "1581"]
[BlackElo "2038"]
[Opening "Nimzo-Indian: Reshevsky variation"]
[ECO "E46"]
[NIC "NI.10"]
[Time "19:34:55"]
[TimeControl "180+0"]

1. d4 Nf6 2. c4 e6 3. Nc3 Bb4 4. e3 O-O 5. Ne2 d5 6. a3 Bxc3+ 7. Nxc3 c6 8.
Be2 Nbd7 9. O-O dxc4 10. Bxc4 Qe7 11. Bd3 e5 12. dxe5 Nxe5 13. Bc2 Bg4 14.
f3 Rfd8 15. Qe2 Be6 16. Rd1 Bc4 17. Qe1 Nd3 18. Bxd3 Bxd3 19. Bd2 Rd7 20.
Qf2 Rad8 21. Be1 b6 22. e4 c5 23. a4 Qe5 24. Nb5 a6 25. Bc3 Qe6 26. Na3 Nh5
27. g3 Nf6 28. Rd2 Qb3 29. Rad1 Qxa4 30. Nb1 b5 31. Bxf6 gxf6 32. Nc3 Qc4
33. Nd5 Rxd5 34. exd5 Rxd5 35. Qe3 a5 36. Rxd3 Rxd3 37. Qxd3 Qb4 38. Qd8+
Kg7 39. Qd2 Qc4 40. g4 a4 41. g5 f5 42. Qc3+ Qxc3 43. bxc3 b4 44. cxb4 cxb4
45. Rd4 b3 46. Rxa4 Kg6 47. f4 Kh5 48. Rb4 Kg4 49. Rxb3 Kxf4 50. Kg2 Kxg5
51. Kg3 f4+ 52. Kf3 f5 53. Rb7 h5 54. Rg7+ Kh4 55. Kxf4 Kh3 56. Rh7 h4 57.
Kxf5 Kxh2 58. Kf4 h3 59. Kf3 Kg1 60. Rxh3 Kf1 61. Rh1# {Black checkmated}
1-0

[Event "ICC Open 2015"]
[Site "Internet Chess Club"]
[Date "2015.05.29"]
[Round "3"]
[White "blackending"]
[Black "RichardZ"]
[Result "1-0"]
[ICCResult "Black forfeits on time"]
[WhiteElo "1632"]
[BlackElo "1383"]
[Opening "Philidor: exchange variation"]
[ECO "C41"]
[NIC "KP.08"]
[Time "19:35:50"]
[TimeControl "180+0"]

1. e4 e5 2. Nf3 d6 3. d4 exd4 4. Nxd4 Nf6 5. Nc3 Be7 6. Be2 Be6 7. Be3 O-O
8. O-O Nbd7 9. Kh1 Kh8 10. f4 Nc5 11. Bf3 Bd7 12. Qe1 Ne6 13. Qg3 c5 14. Nf5
Rg8 15. e5 dxe5 16. fxe5 Ne8 17. Rad1 Rb8 18. Nd5 Bf8 19. Nd6 Bxd6 20. exd6
b6 21. Ne7 Rf8 22. Bd5 Nf6 23. Bxe6 Bxe6 24. Bg5 {Black forfeits on time}
1-0

[Event "ICC Open 2015"]
[Site "Internet Chess Club"]
[Date "2015.05.29"]
[Round "3"]
[White "kurumania"]
[Black "BlackHorse96"]
[Result "0-1"]
[ICCResult "White resigns"]
[WhiteElo "2770"]
[BlackElo "3342"]
[Opening "Alekhine's defense: modern, fianchetto variation"]
[ECO "B04"]
[NIC "AL.04"]
[Time "19:36:21"]
[TimeControl "180+0"]

1. e4 Nf6 2. e5 Nd5 3. d4 d6 4. Nf3 g6 5. Bc4 Nb6 6. Bb3 Bg7 7. O-O O-O 8.
a4 a5 9. h3 dxe5 10. Nxe5 Nc6 11. Nxc6 bxc6 12. Be3 Ba6 13. Re1 Nc4 14. Bg5
Qxd4 15. Qxd4 Bxd4 16. c3 Bf6 17. Bxf6 exf6 18. Bxc4 Bxc4 19. Re7 Rfe8 20.
Rxe8+ Rxe8 21. Nd2 Bd5 22. b4 Rb8 23. b5 cxb5 24. axb5 Rxb5 25. c4 Rb2 26.
cxd5 Rxd2 27. Rxa5 Rc2 28. g3 Kf8 29. h4 Ke7 30. h5 gxh5 31. Kg2 f5 32. Kf3
Rc4 33. Ra6 Rc5 34. Rh6 Rxd5 35. Rxh5 c5 36. Rxh7 c4 37. Rh1 Kd6 38. Rc1 Kc5
39. Kf4 Kb4 40. Kg5 c3 41. Kf6 Kb3 42. Kxf7 Kb2 43. Re1 c2 44. f3 Rd3 45. f4
c1=Q 46. Rxc1 Kxc1 47. Kf6 Rd5 48. Kg5 Kd2 49. g4 Ke3 {White resigns} 0-1

[Event "ICC Open 2015"]
[Site "Internet Chess Club"]
[Date "2015.05.29"]
[Round "3"]
[White "Doondoon"]
[Black "Spirals"]
[Result "0-1"]
[ICCResult "White resigns"]
[WhiteElo "1695"]
[BlackElo "2138"]
[Opening "QGD: 4.Bg5 Be7"]
[ECO "D53"]
[NIC "QO.13"]
[Time "19:36:01"]
[TimeControl "180+0"]

1. d4 d5 2. c4 e6 3. Nc3 Nf6 4. Bg5 Be7 5. e3 Nbd7 6. Nf3 h6 7. Bh4 O-O 8.
Bd3 b6 9. O-O Bb7 10. Rc1 dxc4 11. Bxc4 c5 12. dxc5 Nxc5 13. a3 Qxd1 14.
Rfxd1 Bxf3 15. gxf3 Rfd8 16. Bg3 a6 17. Bc7 Rxd1+ 18. Rxd1 b5 19. Be2 Rc8
20. Bb6 Nfd7 21. Bxc5 Nxc5 22. Kf1 Kf8 23. Ke1 Bf6 24. Rc1 Nb3 25. Rc2 Bxc3+
26. Rxc3 Rxc3 27. bxc3 Nc5 28. Kd2 Ke7 29. c4 bxc4 30. Bxc4 Kd6 31. Kc3 a5
32. Kd4 e5+ 33. Kc3 f6 34. Be2 Kc6 35. Kc4 Nd7 36. Bd1 Nb6+ 37. Kc3 Kc5 38.
Be2 f5 39. h3 g5 40. Bd3 f4 41. exf4 Nd5+ 42. Kb3 Nxf4 43. Bf1 Ne6 44. Ka4
Kb6 45. Kb3 Nd4+ 46. Kc4 Nxf3 47. Kd5 a4 48. Ke4 Nd2+ {White resigns} 0-1

[Event "ICC Open 2015"]
[Site "Internet Chess Club"]
[Date "2015.05.29"]
[Round "3"]
[White "youngjp"]
[Black "jorgeearroyo"]
[Result "1-0"]
[ICCResult "Black checkmated"]
[WhiteElo "1955"]
[BlackElo "1223"]
[Opening "Ruy Lopez: Berlin defense, Beverwijk variation"]
[ECO "C64"]
[NIC "RL.01"]
[Time "19:35:33"]
[TimeControl "180+0"]

1. e4 e5 2. Nf3 Nc6 3. Bb5 Bc5 4. O-O Nf6 5. Re1 O-O 6. h3 Nd4 7. Nxd4 Bxd4
8. c3 Bb6 9. d4 exd4 10. cxd4 c6 11. Ba4 d5 12. e5 Ne4 13. Bc2 f6 14. Bxe4
dxe4 15. exf6 Bxd4 16. Qb3+ Kh8 17. fxg7+ Kxg7 18. Qg3+ Kh8 19. Be3 Bxb2 20.
Nd2 Bxa1 21. Rxa1 Qf6 22. Nb3 Be6 23. Bd4 Bxb3 24. Bxf6+ Rxf6 25. axb3 Raf8
26. Rxa7 e3 27. Qxe3 h5 28. Qe5 Kg7 29. Rxb7+ Kg6 30. Qe4+ Kg5 31. h4+ Kh6
32. Rh7# {Black checkmated} 1-0

[Event "ICC Open 2015"]
[Site "Internet Chess Club"]
[Date "2015.05.29"]
[Round "3"]
[White "kingmate"]
[Black "slothchess"]
[Result "1-0"]
[ICCResult "Black checkmated"]
[WhiteElo "1944"]
[BlackElo "1450"]
[Opening "Sicilian: Alapin's variation (2.c3)"]
[ECO "B22"]
[NIC "SI.47"]
[Time "19:34:52"]
[TimeControl "180+0"]

1. e4 c5 2. c3 Nf6 3. e5 Nd5 4. d4 cxd4 5. cxd4 e6 6. Nf3 Nc6 7. Nc3 Nxc3 8.
bxc3 d5 9. exd6 Bxd6 10. Bd3 b6 11. O-O O-O 12. Bc2 Bb7 13. Qd3 g6 14. Bh6
Re8 15. Rfe1 Bf8 16. Bxf8 Rxf8 17. Rad1 Rc8 18. Qe3 Na5 19. Bb3 Bd5 20. Bxd5
Qxd5 21. Qh6 f6 22. Re2 Rxc3 23. Rde1 Rc6 24. Qf4 Nc4 25. h4 Rd6 26. h5 Kg7
27. h6+ Kg8 28. Rc1 b5 29. Rec2 a6 30. a4 Rf7 31. axb5 axb5 32. Ra1 Rf8 33.
Ra7 Rd7 34. Ra6 e5 35. dxe5 fxe5 36. Qg4 Qd1+ 37. Kh2 Rdf7 38. Rc3 Qe2 39.
Qg3 Qe4 40. Re6 Qf5 41. Rxe5 Nxe5 42. Nxe5 Qxe5 43. Qxe5 Rf5 44. Qg7#
{Black checkmated}
1-0

[Event "ICC Open 2015"]
[Site "Internet Chess Club"]
[Date "2015.05.29"]
[Round "3"]
[White "antizwi"]
[Black "Dewey"]
[Result "1/2-1/2"]
[ICCResult "Black ran out of time and White has no material to mate"]
[WhiteElo "1960"]
[BlackElo "1347"]
[Opening "Philidor: exchange variation"]
[ECO "C41"]
[NIC "KP.08"]
[Time "19:34:44"]
[TimeControl "180+0"]

1. e4 e5 2. Nf3 d6 3. d4 exd4 4. Nxd4 Bd7 5. Nc3 Nc6 6. Bc4 Be7 7. O-O Nf6
8. Re1 O-O 9. a3 a6 10. Ba2 Nxd4 11. Qxd4 Bc6 12. f3 Nd7 13. Bf4 Bf6 14. Qd2
Be5 15. Bxe5 Nxe5 16. Nd5 Be8 17. Qc3 c6 18. Ne3 Qc7 19. Rad1 Rd8 20. Nc4
Nxc4 21. Qxc4 b5 22. Qc3 c5 23. Bd5 Bc6 24. Qe3 Bxd5 25. Rxd5 Rfe8 26. Qf4
Re6 27. Red1 Rf6 28. Qg3 Rg6 29. Qf2 h6 30. Qh4 Re6 31. e5 Rd7 32. exd6
Rexd6 33. Rxd6 Rxd6 34. Rxd6 Qxd6 35. Qe1 Qd4+ 36. Kf1 Qxb2 37. Qe8+ Kh7 38.
Qe4+ g6 39. h4 Qd4 40. Qe7 Qc4+ 41. Kf2 a5 42. h5 gxh5 43. Qe5 Qd4+ 44. Qxd4
cxd4 45. Ke2 Kg6 46. Kd3 Kf5 47. g3 Ke5 48. f4+ Kd5 49. Kd2 f5 50. Kd3 Kc5
51. c3 dxc3 52. Kxc3 b4+ 53. Kb3 bxa3 54. Kxa3 Kd4 55. Ka4 Ke4 56. Kxa5 Kf3
57. Kb5 Kxg3 58. Kc5 Kxf4 59. Kd5 h4 60. Kd4 h3 61. Kd5 h2 62. Kd4 h1=Q 63.
Kc5 Qe4 64. Kd6 Qd4+ 65. Kc6 Ke5 66. Kb5 Qa7 67. Kc4 Kd6 68. Kd3 Qa4 69. Ke3
Ke5 70. Kd3 {Black ran out of time and White has no material to mate}
1/2-1/2

[Event "ICC Open 2015"]
[Site "Internet Chess Club"]
[Date "2015.05.29"]
[Round "3"]
[White "HuevosDeLeon"]
[Black "Theunrock"]
[Result "1-0"]
[ICCResult "Black resigns"]
[WhiteElo "2673"]
[BlackElo "1922"]
[Opening "Queen's pawn, Mason variation"]
[ECO "D00"]
[NIC "QP.08"]
[Time "19:35:34"]
[TimeControl "180+0"]

1. d4 d5 2. Bf4 c6 3. e3 Bf5 4. c4 e6 5. Nc3 Nf6 6. Qb3 Qb6 7. c5 Qxb3 8.
axb3 Nbd7 9. h3 h6 10. b4 Be7 11. b5 O-O 12. Nf3 Ne4 13. Nxe4 Bxe4 14. Nd2
Bh7 15. Nb3 f6 16. Na5 e5 17. bxc6 bxc6 18. Nxc6 Bxc5 19. dxc5 exf4 20. Ne7+
Kf7 21. Nxd5 fxe3 22. Nxe3 Nxc5 23. Bc4+ Ke7 24. O-O Bd3 25. Rfc1 Bxc4 26.
Rxc4 Ne6 27. Ra6 Kf7 28. Nf5 Rfd8 29. Re4 Nc5 30. Re7+ Kf8 31. Rc6 Rd5 32.
Ne3 Kxe7 33. Nxd5+ Kd7 34. Rxc5 Kd6 35. Ra5 {Black resigns} 1-0

[Event "ICC Open 2015"]
[Site "Internet Chess Club"]
[Date "2015.05.29"]
[Round "3"]
[White "chessassassin"]
[Black "rovov"]
[Result "1-0"]
[ICCResult "Black checkmated"]
[WhiteElo "1667"]
[BlackElo "1625"]
[Opening "QGD Slav: exchange variation"]
[ECO "D12"]
[NIC "SL.01"]
[Time "19:35:05"]
[TimeControl "180+0"]

1. d4 d5 2. c4 c6 3. Nf3 Nf6 4. e3 Bf5 5. cxd5 cxd5 6. Nc3 e6 7. Ne5 a6 8.
g4 Bg6 9. h4 Nbd7 10. h5 Nxe5 11. dxe5 Be4 12. f3 Nxg4 13. fxe4 Nxe5 14.
exd5 exd5 15. Qxd5 Qxd5 16. Nxd5 O-O-O 17. Bg2 Nd3+ 18. Ke2 Nxc1+ 19. Raxc1+
Kb8 20. Rhd1 Bd6 21. Rd4 Be5 22. Rb4 Rd7 23. Nb6 Re7 24. Nc4 Bg3 25. Na5
Rhe8 26. Nc6+ Ka8 27. Nxe7 Rxe7 28. Rc3 Be5 29. Rcb3 Bd6 30. Rxb7 Rxb7 31.
Rxb7 Bf4 32. exf4 f5 33. Kd3 g6 34. Kc4 gxh5 35. Kc5 h4 36. Kb6 h3 37. Bh1
h2 38. Rxh7+ Kb8 39. Rh8# {Black checkmated} 1-0

[Event "ICC Open 2015"]
[Site "Internet Chess Club"]
[Date "2015.05.29"]
[Round "3"]
[White "yummy2"]
[Black "BlitzorDDD"]
[Result "0-1"]
[ICCResult "White resigns"]
[WhiteElo "2652"]
[BlackElo "3172"]
[Opening "Robatsch (modern) defense"]
[ECO "B06"]
[NIC "KF.05"]
[Time "19:35:48"]
[TimeControl "180+0"]

1. e4 g6 2. d4 Bg7 3. Nc3 d6 4. Be3 a6 5. h3 b5 6. Qd2 Bb7 7. Bd3 Nf6 8. a3
O-O 9. Nf3 Nbd7 10. b4 e5 11. dxe5 Nxe5 12. Nxe5 dxe5 13. a4 Nh5 14. axb5
axb5 15. Rxa8 Qxa8 16. O-O Nf4 17. Bxf4 exf4 18. Nxb5 Bxe4 19. Nxc7 Qc6 20.
Bxe4 Qxe4 21. Re1 Qc4 22. Nd5 f3 23. g3 h5 24. Qd3 Qxd3 25. cxd3 Rd8 26.
Ne7+ Kf8 27. Re3 Bh6 28. Re1 Re8 29. Nxg6+ fxg6 30. Rb1 Ke7 31. b5 Kd6 32.
d4 Bg7 33. Rb3 Rf8 34. b6 Bxd4 35. b7 Kc7 36. b8=Q+ Rxb8 37. Rxf3 Kd6 38. g4
hxg4 39. hxg4 Ke6 40. Kg2 Be5 41. Re3 Rb4 42. f3 Rb2+ 43. Kf1 Kd5 44. Rd3+
Bd4 45. Ra3 Ke5 46. Rd3 g5 47. Ke1 Bc5 48. Kf1 Kf4 49. Rd5 Be3 50. Rf5+ Kg3
51. Ke1 Bf4 {White resigns} 0-1

[Event "ICC Open 2015"]
[Site "Internet Chess Club"]
[Date "2015.05.29"]
[Round "3"]
[White "mhb"]
[Black "grancaruso"]
[Result "1-0"]
[ICCResult "Black forfeits on time"]
[WhiteElo "2565"]
[BlackElo "1886"]
[Opening "English: symmetrical, Rubinstein system"]
[ECO "A15"]
[NIC "EO.36"]
[Time "19:35:12"]
[TimeControl "180+0"]

1. c4 Nf6 2. g3 d5 3. cxd5 Nxd5 4. Bg2 c5 5. Nc3 Nc7 6. Nf3 Nc6 7. O-O e5 8.
d3 Be7 9. Be3 O-O 10. Ne4 b6 11. Rc1 Bd7 12. a3 f6 13. Nc3 Kh8 14. Nd2 Rc8
15. Nd5 Be6 16. Nxe7 Nxe7 17. Nc4 Bd5 18. f3 Qd7 19. Bf2 Nf5 20. g4 Nd4 21.
e3 Nde6 22. Bg3 Rcd8 23. Qe2 Bc6 24. Rfd1 Rfe8 25. h4 Nd5 26. Qe1 Bb5 27. b3
Bc6 28. Bh1 Ne7 29. Rc2 Ng6 30. Qc3 Ne7 31. Rh2 Qb7 32. Rf1 Nf8 33. h5 h6
34. g5 Nd5 35. Qb2 fxg5 36. Bxe5 Rxe5 37. Qxe5 Re8 38. Qd6 Nxe3 39. Nxe3
Rxe3 40. Qxf8+ Kh7 41. Qf5+ Kh8 42. Rhf2 Qe7 43. Bg2 Bd7 44. Qd5 Re5 45.
Qa8+ Kh7 46. f4 Re3 47. Be4+ g6 48. hxg6+ Kg7 49. f5 g4 50. f6+
{Black forfeits on time}
1-0

[Event "ICC Open 2015"]
[Site "Internet Chess Club"]
[Date "2015.05.29"]
[Round "3"]
[White "Silvo"]
[Black "Piranha"]
[Result "1-0"]
[ICCResult "Black resigns"]
[WhiteElo "2386"]
[BlackElo "1789"]
[Opening "Réti v Dutch"]
[ECO "A04"]
[NIC "QP.11"]
[Time "19:35:33"]
[TimeControl "180+0"]

1. Nf3 f5 2. d4 Nf6 3. Nc3 d5 4. Bg5 e6 5. e3 Be7 6. Bd3 O-O 7. Bxf6 Bxf6 8.
Ne2 b6 9. Nf4 g5 10. Nh5 Ba6 11. Nxf6+ Qxf6 12. Bxa6 Nxa6 13. Ne5 Qg7 14.
Qe2 Nb8 15. h4 g4 16. f3 h5 17. fxg4 fxg4 18. O-O-O Nd7 19. Nd3 c5 20. Nf4
Rae8 21. Nxh5 Qg6 22. Nf4 Qf5 23. g3 c4 24. c3 b5 25. h5 Kh7 26. Rh4 Rg8 27.
Ng6 e5 28. Qxg4 Qxg4 29. Rxg4 exd4 30. exd4 Re2 31. Rf4 Nb6 32. g4 Na4 33.
g5 Rge8 34. Ne5 Nxb2 35. Rdf1 Nd3+ 36. Nxd3 cxd3 37. Rf7+ Kg8 38. h6 Rc2+
39. Kb1 Ree2 40. Rg7+ {Black resigns} 1-0

[Event "ICC Open 2015"]
[Site "Internet Chess Club"]
[Date "2015.05.29"]
[Round "3"]
[White "NAS"]
[Black "HematiteBrown"]
[Result "0-1"]
[ICCResult "White forfeits on time"]
[WhiteElo "1708"]
[BlackElo "2118"]
[Opening "Sicilian: Najdorf, Byrne (English) attack"]
[ECO "B90"]
[NIC "SI.14"]
[Time "19:35:10"]
[TimeControl "180+0"]

1. e4 c5 2. Nf3 d6 3. d4 cxd4 4. Nxd4 Nf6 5. Nc3 a6 6. Be3 e6 7. f3 b5 8.
Qd2 Nbd7 9. Bd3 Bb7 10. O-O b4 11. Nce2 d5 12. Ng3 Bd6 13. exd5 Nxd5 14. Bg5
Qb6 15. c3 f6 16. Kh1 e5 17. Ne6 Kf7 18. Nxg7 Kxg7 19. Bh6+ Kf7 20. Nf5 Rag8
21. Be3 Nxe3 22. Nxe3 Ke8 23. Nf5 Be7 24. Bc4 Rg5 25. Qd3 Nc5 26. Qc2 Bc8
27. Nxe7 Kxe7 28. Rad1 Be6 29. Rd2 Bxc4 30. Rfd1 Rc8 31. Qxh7+ Ke6 32. Qh3+
Kf7 33. Qh7+ Rg7 34. Rd7+ Nxd7 35. Rxd7+ Ke6 {White forfeits on time} 0-1

[Event "ICC Open 2015"]
[Site "Internet Chess Club"]
[Date "2015.05.29"]
[Round "3"]
[White "Alekhinne"]
[Black "Smokie"]
[Result "1-0"]
[ICCResult "Black checkmated"]
[WhiteElo "1715"]
[BlackElo "1410"]
[Opening "Sicilian: Nimzovich-Rossolimo attack (without ...d6)"]
[ECO "B30"]
[NIC "SI.31"]
[Time "19:35:45"]
[TimeControl "180+0"]

1. e4 c5 2. Nf3 Nc6 3. Bb5 d6 4. O-O Nf6 5. Re1 Bg4 6. Bxc6+ bxc6 7. h3 Bh5
8. e5 Nd5 9. exd6 Qxd6 10. d3 e6 11. Na3 Be7 12. Nc4 Qc7 13. Bd2 Rb8 14. Qe2
O-O 15. Qe5 Bxf3 16. gxf3 Bf6 17. Qxc7 Nxc7 18. Bf4 e5 19. Nxe5 Nd5 20. Bg3
Rxb2 21. Nxc6 Rxc2 22. Rac1 Rxa2 23. Rxc5 Rc8 24. Rxd5 Rxc6 25. Re8#
{Black checkmated}
1-0

[Event "ICC Open 2015"]
[Site "Internet Chess Club"]
[Date "2015.05.29"]
[Round "3"]
[White "ural"]
[Black "Dlugy"]
[Result "0-1"]
[ICCResult "White resigns"]
[WhiteElo "2508"]
[BlackElo "3024"]
[Opening "Scandinavian (center counter) defense"]
[ECO "B01"]
[NIC "VO.17"]
[Time "19:35:46"]
[TimeControl "180+0"]

1. e4 d5 2. exd5 Qxd5 3. d4 e5 4. Nc3 Bb4 5. Bd2 Qxd4 6. Nf3 Qd6 7. Nb5
Bxd2+ 8. Qxd2 Qxd2+ 9. Kxd2 Na6 10. Nxe5 Be6 11. Bc4 Bxc4 12. Nxc4 O-O-O+
13. Ke2 Nf6 14. Nxa7+ Kb8 15. Nb5 Rhe8+ 16. Ne3 Nb4 17. Na3 Nfd5 18. Rhd1
Rd6 19. c3 Nxe3 20. fxe3 Nd5 21. Nc4 Rdd8 22. Kf2 c6 23. a4 Re6 24. a5 Rde8
25. Rd3 f5 26. Rad1 Kc7 27. g3 g5 28. Re1 f4 29. gxf4 gxf4 30. e4 Rxe4 31.
Rxe4 Rxe4 32. Nd2 Ra4 33. b4 Ra3 34. Ne4 Ra2+ 35. Kg1 Ne3 36. h4 Rg2+ 37.
Kh1 Rg4 38. c4 Rxh4+ 39. Kg1 Nxc4 40. Nf6 Ne5 41. Rd4 Nf3+ {White resigns}
0-1

[Event "ICC Open 2015"]
[Site "Internet Chess Club"]
[Date "2015.05.29"]
[Round "3"]
[White "jakemate"]
[Black "maki89"]
[Result "0-1"]
[ICCResult "White forfeits on time"]
[WhiteElo "1839"]
[BlackElo "2367"]
[Opening "Benoni: 6.e4"]
[ECO "A65"]
[NIC "BI.38"]
[Time "19:35:15"]
[TimeControl "180+0"]

1. d4 Nf6 2. c4 c5 3. d5 e6 4. Nc3 exd5 5. cxd5 d6 6. e4 g6 7. h3 Bg7 8. Nf3
O-O 9. Bd3 Nbd7 10. O-O Nh5 11. g4 Nhf6 12. Re1 a6 13. a4 h5 14. g5 Ne8 15.
Bf1 Ne5 16. Nxe5 Bxe5 17. Be3 Nc7 18. f4 Bg7 19. Bg2 Rb8 20. a5 b5 21. axb6
Rxb6 22. Ra2 Nb5 23. f5 Bxc3 24. bxc3 Nxc3 25. Qd2 Nxa2 26. Qxa2 gxf5 27.
Qe2 fxe4 28. Qxh5 Bf5 29. Bd2 Bg6 30. Qh6 Rb3 31. h4 Rg3 32. h5 Qe7 33. hxg6
fxg6 34. Qxg6+ Qg7 35. Qe6+ Qf7 36. Qxf7+ Rxf7 37. Kh2 Rd3 38. Bc1 Rf2
{White forfeits on time}
0-1

[Event "ICC Open 2015"]
[Site "Internet Chess Club"]
[Date "2015.05.29"]
[Round "3"]
[White "Kaliman20"]
[Black "MasterZachary"]
[Result "0-1"]
[ICCResult "White forfeits on time"]
[WhiteElo "1864"]
[BlackElo "2202"]
[Opening "Two knights defense"]
[ECO "C55"]
[NIC "IG.01"]
[Time "19:34:44"]
[TimeControl "180+0"]

1. e4 e5 2. Nf3 Nc6 3. Bc4 Nf6 4. Qe2 d6 5. h3 Na5 6. Bb3 Nxb3 7. axb3 b6 8.
d3 Bb7 9. Bg5 Be7 10. O-O O-O 11. Nc3 Nd7 12. Be3 f5 13. exf5 Rxf5 14. Ne4
Qf8 15. Nfg5 d5 16. Ne6 Qf7 17. N4g5 Qg6 18. h4 d4 19. Bd2 h6 20. h5 Qf6 21.
Nxc7 Qc6 22. Qe4 Bxg5 23. Nxa8 Bxd2 24. Qxc6 Bxc6 25. Rxa7 Rg5 26. g3 Rxh5
27. f3 Be3+ 28. Kg2 Rg5 29. Nc7 Bf4 30. g4 Rxg4+ 31. Kf2 Be3+ 32. Ke2 Rg2+
33. Kd1 Nf6 34. Ne6 Nd5 35. c4 dxc3 36. bxc3 Nxc3+ {White forfeits on time}
0-1

[Event "ICC Open 2015"]
[Site "Internet Chess Club"]
[Date "2015.05.29"]
[Round "3"]
[White "Sjelan"]
[Black "fearlessone"]
[Result "1-0"]
[ICCResult "Black forfeits on time"]
[WhiteElo "2218"]
[BlackElo "1699"]
[Opening "King's pawn opening"]
[ECO "B07"]
[NIC "VO.17"]
[Time "19:34:57"]
[TimeControl "180+0"]

1. e4 d6 2. Nf3 Nd7 3. d4 g6 4. Bc4 e6 5. Bb3 Bg7 6. O-O Ne7 7. Nc3 O-O 8.
Qe2 b6 9. Bg5 h6 10. Bh4 g5 11. Bg3 Bb7 12. e5 Bxf3 13. gxf3 dxe5 14. dxe5
Nf5 15. Rad1 Qe7 16. f4 Nxg3 17. fxg3 Nc5 18. Ne4 Nxb3 19. cxb3 f5 20. exf6
Bxf6 21. Qh5 Qg7 22. fxg5 Bxg5 23. Nxg5 hxg5 24. Qg4 Rae8 25. Rxf8+ Kxf8 26.
Rf1+ Kg8 27. Qe4 a5 28. Re1 Qf7 29. Qe5 Qg7 30. Kg2 Qxe5 31. Rxe5 Kf7 32.
Rxg5 Re7 33. Rg4 Ke8 34. Rf4 Kd7 35. Rf2 e5 36. Kf3 e4+ 37. Ke3 Kd6 38. Rf4
Kd7 39. Rxe4 Rf7 40. Rf4 Re7+ 41. Kf2 Rh7 42. h4 Re7 43. Rd4+ Kc8 44. Rd2
Rf7+ 45. Kg2 Re7 46. Kh3 Kb7 47. Rg2 Re3 48. h5 Re1 49. Kg4 Re7 50. Kh4 Rf7
51. g4 Re7 52. g5 Re4+ 53. Rg4 Re1 54. g6 Rg1 55. Kg5 Rh1 56. h6 Rh5+ 57.
Kxh5 {Black forfeits on time} 1-0

[Event "ICC Open 2015"]
[Site "Internet Chess Club"]
[Date "2015.05.29"]
[Round "3"]
[White "supermonkey"]
[Black "DarkThrone"]
[Result "0-1"]
[ICCResult "White checkmated"]
[WhiteElo "1840"]
[BlackElo "2388"]
[Opening "Ruy Lopez: exchange variation, 5.O-O"]
[ECO "C68"]
[NIC "RL.08"]
[Time "19:35:53"]
[TimeControl "180+0"]

1. e4 e5 2. Nf3 Nc6 3. Bb5 a6 4. Bxc6 dxc6 5. O-O Bg4 6. h3 Bh5 7. d3 f6 8.
Nbd2 Qe7 9. Re1 O-O-O 10. Nf1 g5 11. Ng3 Bg6 12. a4 h5 13. Nh2 Qd7 14. Bd2
Bf7 15. b4 Be6 16. b5 cxb5 17. axb5 Qxb5 18. c4 Qc6 19. Qb3 g4 20. h4 Bc5
21. Reb1 Ne7 22. Ngf1 Rd7 23. Ne3 g3 24. Nf3 gxf2+ 25. Kf1 Rhd8 26. Nd5 f5
27. Ng5 Bxd5 28. exd5 Nxd5 29. cxd5 Rxd5 30. Nf3 Rxd3 31. Qc2 e4 32. Ne5
Rxd2 33. Nxc6 Rxc2 34. Nxd8 e3 35. g4 e2+ 36. Kg2 e1=Q 37. Rxe1 fxe1=Q+ 38.
Kf3 Qf2# {White checkmated} 0-1